 Dungeon Crawl Stone Soup version 0.26.1-11-gd32895ea62 (webtiles) character file.

Game seed: 1573425060508086725

210 H0rd4k the Insei (level 5, -15/33 HPs)
             Began as an Octopode Transmuter on June 15, 2021.
             Demolished by an ogre
             ... wielding a +0 giant club
              (23 damage)
             ... on level 5 of the Dungeon.
             The game lasted 00:02:55 (3586 turns).

H0rd4k the Insei (Octopode Transmuter)              Turns: 3586, Time: 00:02:56

Health: -15/33     AC:  6    Str:  9    XL:     5   Next: 88%
Magic:  3/9        EV: 20    Int: 13    God:
Gold:   204        SH:  0    Dex: 17    Spells: 6/10 levels left

rFire    x . .     SeeInvis .     - Unarmed
rCold    + . .     Faith    .   (shield currently unavailable)
rNeg     . . .     Spirit   .   (helmet currently unavailable)
rPois    x         Reflect  .   (no amulet)
rElec    .         Harm     .   a - -4 ring of intelligence (curse)
rCorr    .         Rampage  .   d - ring of teleportation (curse)
Will     .....     Rnd*Tele +   h - ring of ice
Stlth    ++........             l - +4 ring of protection
HPRegen  0.11/turn              p - ring of flight
MPRegen  0.11/turn              (no ring)
                                (no ring)
                                (no ring)

@: spider-form (expiring), very slightly contaminated
A: tiny, almost no armour, stealthy swim, (amphibious), 8 rings, (constrict 8)
a: End Transformation, Evoke Flight


You were on level 5 of the Dungeon.
You were a venomous arachnid creature.
You visited 1 branch of the dungeon, and saw 5 of its levels.

You collected 204 gold pieces.

Inventory:

Missiles
 f - 27 poisoned darts (quivered)
Jewellery
 a - a cursed -4 ring of intelligence (left front leg)
 d - a cursed ring of teleportation (right front leg)
 h - a ring of ice (on tentacle)
 l - a +4 ring of protection (on tentacle)
 p - a ring of flight (on tentacle)
Wands
 o - a wand of acid (13)
Scrolls
 c - a scroll of magic mapping
 e - 2 scrolls of identify
 k - 2 scrolls of teleportation
Potions
 b - 2 potions of curing {unknown}
 j - a potion of brilliance {unknown}
 m - a potion of lignification


   Skills:
 + Level 1.1 Fighting
 + Level 2.6 Dodging
 - Level 0.5 Stealth
 + Level 4.5 Unarmed Combat
 * Level 3.0 Spellcasting
 * Level 2.8 Transmutations
 + Level 1.8 Poison Magic


You had 6 spell levels left.
You knew the following spells:

 Your Spells              Type           Power        Failure   Level
a - Beastly Appendage     Tmut           18%          19%         1
b - Spider Form           Tmut/Pois      4%           47%         3

Your spell library contained the following spells:

 Spells                   Type           Power        Failure   Level
 Wereblood                Tmut           9%           26%         2
 Ice Form                 Ice/Tmut       8%           90%         4
 Blade Hands              Tmut           4%           97%         5


Dungeon Overview and Level Annotations

Branches:
Dungeon (5/15)
 Temple: D:4-7

Altars:
Dithmenos
Makhleb
Sif Muna
The Shining One

Annotations:
D:2 1 runed translucent door, exclusion: door, Crazy Yiuf


Innate Abilities, Weirdness & Mutations

You cannot wear most types of armour.
You are very stealthy in the water. (Stealth+)
((You are amphibious.))
You can wear up to eight rings at the same time.
((You can use your tentacles to constrict eight enemies at once.))
((Your skin changes colour to match your surroundings (Stealth+).))
((Your rubbery body absorbs attacks. (AC +1, EV +1)))


Message History

Nothing appears to happen.
Casting: Spider Form (quite dangerous; 26% risk of failure)
Confirm with . or Enter, or press ? or * to list all spells.
The spell is quite dangerous to cast (26% risk of failure)!
Continue anyway?
You turn into a venomous arachnid creature.
The ogre shouts!
You hit the ogre.
The ogre is moderately wounded.
The ogre hits you with a +0 giant club!!
Ouch! That really hurt!
* * * LOW HITPOINT WARNING * * *
You hit the ogre but do no damage.
The ogre is poisoned.
The ogre is moderately wounded.
Your transformation is almost over.
The ogre misses you.
You hit the ogre.
The ogre is moderately wounded.
The ogre hits you with a +0 giant club!!
Ouch! That really hurt!
You die...

...####..........
.................
.................
.#####...........
#............
#............
#............
#.########O..........
#........s..!........
#..................>.
#....................
#..#.................#
#. ##..?...####.#####
# #...#### ## ##...
##..


You could see an ogre (very poisoned).

Vanquished Creatures
  A scorpion (D:3)
  An orc priest (D:4)
  A hound skeleton (D:4)
  2 adders
  A white imp (D:5)
  An ufetubus (D:2)
  2 oozes
  An adder zombie (D:5)
  An adder skeleton (D:4)
  3 dart slugs
  3 leopard geckos
  8 orcs
  2 ball pythons
  4 giant cockroaches
  7 goblins
  3 hobgoblins
  2 quokkas (D:4)
  4 bats
  2 frilled lizards
  2 jackal skeletons (D:4)
  5 kobolds
  A quokka skeleton (D:4)
  5 rats
62 creatures vanquished.

Vanquished Creatures (others)
  A fungus (D:2)
1 creature vanquished.

Grand Total: 63 creatures vanquished

Notes
Turn   | Place    | Note
-------+----------+-------------------------------------------
     0 | D:1      | H0rd4k the Octopode Transmuter began the quest for the Orb.
     0 | D:1      | Reached XP level 1. HP: 13/13 MP: 3/3
   257 | D:1      | Reached XP level 2. HP: 18/18 MP: 5/5
   762 | D:2      | Reached XP level 3. HP: 19/23 MP: 6/6
   766 | D:2      | Learned a level 3 spell: Spider Form
   836 | D:2      | Reached skill level 1 in Poison Magic
  1698 | D:2      | Found a runed translucent door.
  1699 | D:2      | Noticed Crazy Yiuf
  1833 | D:3      | Reached XP level 4. HP: 21/28 MP: 7/7
  2095 | D:3      | Reached skill level 4 in Unarmed Combat
  2279 | D:3      | Reached XP level 5. HP: 33/33 MP: 9/9
  2426 | D:3      | Found a shadowy altar of Dithmenos.
  2426 | D:3      | Found a burning altar of Makhleb.
  2911 | D:4      | Found a glowing golden altar of the Shining One.
  3162 | D:4      | Found a shimmering blue altar of Sif Muna.
  3439 | D:5      | Entered Level 5 of the Dungeon
  3577 | D:5      | Noticed an ogre
  3586 | D:5      | Demolished by an ogre

Illustrated notes

Levels and vault maps discovered:
D:1:      scummos_arrival_checkerplants, layout_loops_cross
D:2:      layout_basic, uniq_crazy_yiuf_cottage
D:3:      layout_rooms, gammafunk_temple_overflow_statue
D:4:      layout_loops_ring, nicolae_tso_swordbearing_angel, led_sif_pool
D:5:      layout_cave_pods

Skill      XL: |  1  2  3  4  5 |
---------------+----------------+-----
Poison Magic   | 1 |  1.8
Unarmed Combat | 4 |  4.5
Spellcasting   | 3 |  3.0
Fighting       | |  1.1
Dodging        | |  2.6
Stealth        | |  0.5
Transmutations | |  2.8

Action                   |  1- 3 |  4- 6 || total
-------------------------+-------+-------++-------
Melee: Unarmed           |    81 |    90 ||   171
       Constrict         |    28 |    19 ||    47
       Tentacles         |    20 |    20 ||    40
       Punch             |     1 |     1 ||     2
Throw: Dart              |       |     1 ||     1
 Cast: Spider Form       |       |     3 ||     3
  Use: Scroll            |       |     6 ||     6
 Stab: Sleeping          |    10 |     5 ||    15
Armor: Skin              |     6 |     5 ||    11
Dodge: Dodged            |    45 |    43 ||    88
